 Dungeon Crawl Stone Soup version 0.29.1-12-g30fa7ad0bf (webtiles) character file.

Game seed: 8371097600613217453

239 Descartes the Shield-Bearer (level 6, -2/44 (48) HPs)
             Began as a Formicid Fighter on Jan 5, 2023.
             Succumbed to a scorpion's poison
             ... on level 5 of the Dungeon.
             The game lasted 00:06:08 (4203 turns).

Descartes the Shield-Bearer (Formicid Fighter)      Turns: 4203, Time: 00:06:08

HP:   -2/44 (48)    AC: 11    Str: 22 (23) XL:     6   Next: 29%
MP:   8/8           EV:  6    Int:  6 (7)  God:
Gold: 223           SH:  5    Dex: 12 (13) Spells: 8/8 levels left

rFire   . . .      SeeInvis +   a - +0 war axe
rCold   . . .      Faith    .   c - +0 buckler
rNeg    . . .      Spirit   .   i - +0 plate armour
rPois   .          Reflect  .   (helmet unavailable)
rElec   .          Harm     .   (no cloak)
rCorr   .          Rampage  .   (no gloves)
Will    .....                   (no boots)
Stlth   ..........              (no amulet)
HPRegen 0.14/turn               x - ring of flight
MPRegen 0.11/turn               (no ring)

@: lethally poisoned (-2 -> -30), flying, studying Stealth, drained
A: permanent stasis, dig shafts and tunnels, antennae 3, four strong arms
a: Dig, Shaft Self


You were on level 5 of the Dungeon.
You visited 2 branches of the dungeon, and saw 6 of its levels.

You collected 223 gold pieces.

Inventory:

Hand Weapons
 a - a +0 war axe (weapon)
 y - a +0 whip of electrocution
Missiles
 e - 5 boomerangs
 p - 9 poisoned darts
Armour
 b - a +0 scale mail
 c - a +0 buckler (worn)
 i - a +0 plate armour (worn)
Jewellery
 x - a ring of flight (left hand)
Wands
 q - a wand of iceblast (7)
Scrolls
 d - a scroll of fear {unknown}
 f - a scroll of torment {unknown}
 h - a scroll of enchant weapon {unknown}
 j - a scroll of vulnerability {unknown}
 l - 7 scrolls of identify {unknown}
 n - a scroll of blinking {unknown}
 r - 2 scrolls of amnesia {unknown}
 s - 2 scrolls of poison {unknown}
 v - a scroll of noise {unknown}
 w - a scroll of teleportation {unknown}
Potions
 g - 2 potions of degeneration
 k - 2 potions of curing {unknown}
 m - 3 potions of haste {unknown}
 o - 2 potions of lignification
 t - a potion of magic {unknown}
 u - a potion of attraction {unknown}


   Skills:
 + Level 4.0 Fighting
 + Level 2.8 Axes
 + Level 3.8 Armour
 * Level 5.8 Shields
 + Level 1.7 Spellcasting
 + Level 1.4 Translocations
 + Level 1.6 Evocations


You had 8 spell levels left.
You didn't know any spells.
Your spell library contained the following spells:

 Spells                   Type           Power      Damage    Failure   Level
 Magic Dart               Conj           0%         1d3       100%        1
 Call Imp                 Summ           0%         N/A       100%        2
 Scorch                   Fire           0%         2d5       100%        2
 Mephitic Cloud           Conj/Pois/Air  0%         N/A       100%        3
 Flame Wave               Conj/Fire      0%         2d4       100%        4
 Summon Cactus Giant      Summ           0%         N/A       100%        6


Dungeon Overview and Level Annotations

Branches:
Dungeon (5/15)             Temple (1/1) D:4

Altars:
Ashenzari
Cheibriados
Elyvilon
Fedhas
Hepliaklqana
Kikubaaqudgha
Okawaru
Qazlal
Ru
Sif Muna
Trog
Uskayaw
Vehumet
Wu Jian
Xom
Yredelemnul
Zin
The Shining One

Shops:
D:1 *


Innate Abilities, Weirdness & Mutations

You cannot be hasted, slowed, berserked, paralysed or teleported.
You can dig through walls and to a lower floor.
You have a pair of large antennae on your head. (SInv)
Your four strong arms can wield two-handed weapons with a shield.


Message History

You feel sick. The scorpion barely misses you. You block the scorpion's attack.
You closely miss the scorpion.
The scorpion is heavily wounded.
You feel sick.
You are no longer poisoned.
The scorpion stings you but does no damage. x2
You slash the scorpion!
The scorpion is almost dead.
You block the scorpion's attack.
The scorpion stings you but does no damage.
A scorpion is nearby!
You barely miss the scorpion.
The scorpion is almost dead.
The scorpion stings you but does no damage.
You barely miss the scorpion.
The scorpion is almost dead.
The scorpion completely misses you.
The scorpion stings you but does no damage.
You barely miss the scorpion.
The scorpion is almost dead.
The scorpion stings you but does no damage.
The scorpion stings you.
You are poisoned.
The scorpion poisons you!
You hit the scorpion.
The scorpion is almost dead.
You feel very sick.
The scorpion stings you but does no damage.
You hit the scorpion but do no damage.
The scorpion is almost dead.
You feel sick. The scorpion stings you.
* * * LOW HITPOINT WARNING * * *
You are lethally poisoned!
The scorpion poisons you! The scorpion stings you.
* * * LOW HITPOINT WARNING * * *
You are more poisoned.
The scorpion poisons you!
You hit the scorpion.
You kill the scorpion!
You die...

....#### ....# #.#
....## ..# .....#
#.# .....# ...
.....####### #.#
............ #.#
.....###### #†#
.....###### #@#
..........# #.#
##+#......+ # #.#
#.'......##.# #.#
###.....O<..# #.#
####..##+#######.###
.........#.........#
#####..###.#####.#.#
##..##.#....<#.#


There were no monsters in sight!

Vanquished Creatures
  A scorpion (D:5)
  Jessica (D:3)
  An iguana (D:4)
  Ijyb (D:2)
  A river rat (D:4)
  3 adders
  2 worms
  9 dart slugs
  6 orcs
  4 endoplasms (D:1)
  9 giant cockroaches
  6 goblins
  7 hobgoblins
  2 jackals (D:2)
  12 kobolds
  3 quokkas
  10 ball pythons
  7 bats
  4 frilled lizards
  6 rats
  A spectral orc (D:3)
96 creatures vanquished.

Notes
Turn   | Place    | Note
-------+----------+-------------------------------------------
     0 | D:1      | Descartes the Formicid Fighter began the quest for the Orb.
     0 | D:1      | Reached XP level 1. HP: 18/18 MP: 1/1
   165 | D:1      | Reached XP level 2. HP: 24/24 MP: 2/2
   371 | D:1      | Found Zecilunk's General Store.
   459 | D:1      | Reached XP level 3. HP: 29/29 MP: 3/3
   959 | D:2      | Found a faded altar of an unknown god.
  1145 | D:2      | Reached XP level 4. HP: 35/35 MP: 5/5
  1152 | D:2      | Reached skill level 1 in Spellcasting
  1686 | D:3      | Reached skill level 1 in Translocations
  1702 | D:3      | Reached skill level 1 in Evocations
  1713 | D:3      | Reached skill level 5 in Shields
  1860 | D:3      | Noticed Ijyb
  1885 | D:2      | Killed Ijyb
  1886 | D:2      | Reached XP level 5. HP: 28/42 MP: 5/7
  2052 | D:3      | Found a basalt altar of Yredelemnul.
  2329 | D:3      | Noticed Jessica
  2338 | D:3      | Killed Jessica
  2676 | D:4      | Reached XP level 6. HP: 19/48 MP: 8/8
  3050 | D:4      | Found a staircase to the Ecumenical Temple.
  3057 | Temple   | Entered the Ecumenical Temple
  3401 | D:4      | Found a blossoming altar of Fedhas.
  3804 | D:5      | Entered Level 5 of the Dungeon
  3851 | D:5      | Noticed an ogre
  4203 | D:5      | Succumbed to a scorpion's poison

Illustrated notes

Levels and vault maps discovered:
D:1:      eino_arrival_cavern_e, layout_basic, serial_shops, nicolae_shop_stone,
          minmay_worlds_worst_comb
D:2:      layout_loops_cross, ebering_ecumenical_altar_rust
D:3:      layout_rooms, yredelemnul_forgotten_temple_becter, uniq_jessica,
          uniq_ijyb
D:4:      minmay_recursive_quarters, layout_loops_ring, fedhas_altar_1,
          minmay_temple_entry_enclosed_plants, gup_sewer_entry_spiral,
          chequers_serial_rivers_micro_a
D:5:      layout_basic, minmay_crystal_room
Temple:   eino_temple_scatter_basement

Skill      XL: |  1  2  3  4  5  6 |
---------------+-------------------+-----
Spellcasting   | 1 |  1.7
Translocations | 1 |  1.4
Evocations     | 1 |  1.6
Shields        | 5 |  5.8
Fighting       | 4 |  4.0
Axes           | |  2.8
Armour         | |  3.8

Action                   |  1- 3 |  4- 6 || total
-------------------------+-------+-------++-------
Melee: War axe           |    75 |   186 ||   261
 Abil: Dig               |       |     2 ||     2
  Use: Potion            |       |     3 ||     3
Armor: Scale mail        |    25 |       ||    25
       Plate armour      |    15 |    94 ||   109
       Skin              |       |     2 ||     2
Dodge: Dodged            |    33 |    58 ||    91
Block: Buckler           |    20 |    53 ||    73
